 Dungeon Crawl Stone Soup version 0.29-a0-25-g7f48f510a0 (webtiles) character file.

Game seed: 12917103158297861060

2686 bande the Cleaver (level 9, -2/55 HPs)
             Began as a Gargoyle Fighter on Feb 1, 2022.
             Slain by an orc warrior (12 damage)
             ... on level 7 of the Dungeon.
             The game lasted 00:16:04 (9703 turns).

bande the Cleaver (Gargoyle Fighter)                Turns: 9703, Time: 00:16:04

Health: -2/55      AC: 20    Str: 20    XL:     9   Next: 64%
Magic:  9/9        EV: 10    Int:  9    God:
Gold:   378        SH:  6    Dex: 13    Spells: 8/8 levels left

rFire   + . .      SeeInvis +   a - +1 war axe (vorpal)
rCold   . . .      Faith    .   c - +1 buckler
rNeg    + . .      Spirit   .   r - +0 plate armour {rF+}
rPois   ∞          Reflect  .   (no helmet)
rElec   +          Harm     .   l - +0 cloak
rCorr   .          Rampage  .   (no gloves)
Will    .....                   (no boots)
Stlth   ..........              (no amulet)
HPRegen 0.18/turn               i - ring of see invisible
MPRegen 0.11/turn               j - +4 ring of evasion

@: no status effects
A: sickness immunity, AC +6, negative energy resistance 1, electricity
resistance, torment resistance 1, petrification resistance
a: no special abilities


You were on level 7 of the Dungeon.
You visited 1 branch of the dungeon, and saw 7 of its levels.

You collected 378 gold pieces.

Inventory:

Hand Weapons
 a - a +1 vorpal war axe (weapon)
 w - a +3 flail
Missiles
 p - 2 throwing nets (quivered)
Armour
 c - a +1 buckler (worn)
 l - a +0 cloak (worn)
 r - a +0 plate armour of fire resistance (worn)
 u - a scarf of invisibility
Jewellery
 i - a ring of see invisible (left hand)
 j - a +4 ring of evasion (right hand)
 k - a ring of resist corrosion
 s - a ring of protection from fire
 t - an amulet of faith
Wands
 b - a wand of iceblast (10)
 n - a wand of polymorph (13)
Scrolls
 h - 3 scrolls of enchant weapon
 o - a scroll of teleportation
 x - a scroll of silence
Potions
 d - 2 potions of might
 e - 2 potions of curing
 f - a potion of flight
 g - 3 potions of heal wounds
 m - a potion of berserk rage {unknown}
 q - a potion of haste {unknown}
 v - a potion of mutation {unknown}
 z - a potion of resistance {unknown}


   Skills:
 + Level 6.0 Fighting
 + Level 8.2 Axes
 + Level 6.6 Armour
 - Level 0.1 Dodging
 + Level 5.3 Shields
 * Level 4.3 Evocations


You had 8 spell levels left.
You didn't know any spells.
Your spell library contained the following spells:

 Spells                   Type           Power      Damage    Failure   Level
 Frozen Ramparts          Ice            0%         1d2       100%        3
 Summon Guardian Golem    Hex/Summ       0%         N/A       100%        3
 Airstrike                Air            0%         N/A       100%        4
 Ice Form                 Ice/Tmut       0%         N/A       100%        4
 Summon Ice Beast         Ice/Summ       0%         N/A       100%        4
 Summon Lightning Spire   Summ/Air       0%         N/A       100%        4
 Lightning Bolt           Conj/Air       0%         1d11      100%        5
 Orb of Destruction       Conj           0%         9d5       100%        7
 Spellforged Servitor     Conj/Summ      0%         N/A       100%        7


Dungeon Overview and Level Annotations

Branches:
Dungeon (7/15)
 Temple: D:4-7

Altars:
Ashenzari
Elyvilon
Hepliaklqana

Annotations:
D:7 Joseph


Innate Abilities, Weirdness & Mutations

You are immune to sickness and miasma.
Your stone body is resilient. (AC +6)
You are immune to poison.
You resist negative energy. (rN+)
You are resistant to electric shocks. (rElec)
You are resistant to unholy torment.
You are immune to petrification.


Message History

There is a stone staircase leading down, spattered with blood here.
You start resting.
HP restored.
You climb downwards.
Level annotation: Joseph
There is a stone staircase leading up here.
Joseph shoots a sling bullet.
The sling bullet hits you.
Joseph unwields a +0 hunting sling.
Joseph wields a +0 quarterstaff.
Joseph hits you with a +0 quarterstaff!
You hit Joseph.
Joseph is lightly wounded.
You slash the kobold brigand! You slash the kobold!
You kill the kobold!
You block Joseph's attack. The kobold brigand barely misses you.
You barely miss Joseph.
Joseph is lightly wounded.
You closely miss the kobold brigand.
The orc warrior hits you from afar with a +0 glaive.
You block Joseph's attack.
The kobold brigand hits you with a +0 short sword!
You hit Joseph.
Joseph is lightly wounded.
You slash the kobold brigand! The orc warrior misses you.
Joseph hits you but does no damage.
The kobold brigand hits you but does no damage.
You barely miss Joseph.
Joseph is lightly wounded.
You completely miss the kobold brigand. You block the orc warrior's attack.
Joseph hits you with a +0 quarterstaff. The kobold brigand barely misses you.
The orc warrior hits you but does no damage.
You closely miss Joseph.
Joseph is lightly wounded.
You hit the kobold brigand. Joseph completely misses you.
The kobold brigand hits you but does no damage.
The orc warrior hits you but does no damage.
Joseph hits you with a +0 quarterstaff!
* * * LOW HITPOINT WARNING * * *
You block the orc warrior's attack.
The orc warrior hits you from afar with a +0 glaive!
You die...

......###..............
...##.#......#####........
......(.............##.##.
...##..[$#####......#...#.
...............##.........
........#.#######...#...#.
.....$.o..# #####.#.##....
..........#.....#.........
........K@.>.......##.#...
......)@#......... #......
...#............. .......#
. #.##.......... .#...#..
#. #........>. ##.##.# #
##......... .....#
.......... .. #..!...... #


You could see Joseph, an orc warrior and a kobold brigand.

Vanquished Creatures
  Pikel (D:6)
  A steam dragon (D:6)
  An ice beast (D:6)
  2 black bears
  3 ogres
  2 phantoms (D:5)
  2 lemures (D:6)
  4 scorpions
  A water moccasin zombie (D:5)
  3 howler monkeys (D:6)
  3 wights (D:7)
  A bullfrog zombie (D:6)
  A bullfrog skeleton (D:6)
  An orc priest (D:6)
  6 hounds
  3 jellies (D:6)
  Crazy Yiuf (D:3)
  An iguana (D:5)
  Natasha (thrice) (D:3)
  Ijyb (D:5)
  3 orc wizards
  A hound skeleton (D:5)
  A howler monkey zombie (D:7)
  12 gnolls
  7 adders
  An ufetubus (D:6)
  4 worms
  5 dart slugs
  19 orcs
  4 ball pythons
  11 endoplasms
  6 giant cockroaches
  6 goblins
  7 hobgoblins
  13 kobolds
  4 quokkas
  3 bats
  6 frilled lizards
  15 rats
169 creatures vanquished.

Vanquished Creatures (collateral kills)
  A bat (D:3)
1 creature vanquished.

Grand Total: 170 creatures vanquished

Notes
Turn   | Place    | Note
-------+----------+-------------------------------------------
     0 | D:1      | bande the Gargoyle Fighter began the quest for the Orb.
     0 | D:1      | Reached XP level 1. HP: 14/14 MP: 1/1
    37 | D:1      | Reached XP level 2. HP: 11/19 MP: 2/2
   107 | D:1      | Reached skill level 2 in Axes
   997 | D:1      | Reached XP level 3. HP: 23/23 MP: 3/3
  1172 | D:1      | Found a faded altar of an unknown god.
  1511 | D:1      | Reached XP level 4. HP: 4/29 MP: 4/4
  2503 | D:2      | Reached skill level 3 in Axes
  2677 | D:2      | Reached XP level 5. HP: 16/33 MP: 5/5
  3574 | D:3      | Noticed Natasha
  3582 | D:3      | Killed Natasha
  3583 | D:3      | Reached skill level 4 in Axes
  3584 | D:3      | Noticed Natasha
  3592 | D:3      | Killed Natasha
  3593 | D:3      | Reached XP level 6. HP: 20/38 MP: 6/6
  4174 | D:3      | Noticed Natasha
  4181 | D:3      | Killed Natasha
  4417 | D:3      | Found a runed translucent door.
  4418 | D:3      | Noticed Crazy Yiuf
  4628 | D:3      | Killed Crazy Yiuf
  5143 | D:4      | Reached skill level 5 in Axes
  5143 | D:4      | Reached XP level 7. HP: 38/44 MP: 7/7
  5215 | D:4      | Reached skill level 1 in Evocations
  6021 | D:5      | Entered Level 5 of the Dungeon
  6398 | D:5      | Reached skill level 5 in Armour
  6398 | D:5      | Reached XP level 8. HP: 47/48 MP: 8/8
  6420 | D:5      | Reached skill level 6 in Axes
  6462 | D:5      | Found a white marble altar of Elyvilon.
  6593 | D:5      | Noticed Ijyb
  6603 | D:5      | Reached skill level 5 in Fighting
  6611 | D:5      | Killed Ijyb
  7508 | D:6      | Reached skill level 7 in Axes
  7836 | D:6      | Noticed Pikel
  7896 | D:6      | Killed Pikel
  7897 | D:6      | Reached XP level 9. HP: 26/55 MP: 9/9
  8292 | D:6      | Reached skill level 5 in Shields
  8454 | D:6      | Found a hazy altar of Hepliaklqana.
  8466 | D:6      | Found a broken altar of Ashenzari.
  8778 | D:7      | Reached skill level 8 in Axes
  9662 | D:7      | Noticed Joseph
  9703 | D:7      | Slain by an orc warrior

Illustrated notes

Levels and vault maps discovered:
D:1:      scummos_arrival_hexagon, layout_basic, ebering_ecumenical_altar_hall,
          minmay_hexomino_c4
D:2:      layout_basic, minmay_increasing_density
D:3:      layout_basic, grunt_ministairs_6, uniq_natasha,
          uniq_crazy_yiuf_cottage
D:4:      layout_loops_ring, serial_co_window_serial, co_window_paths_b,
          co_window_corner_a, co_window_cross_1, co_window_of_opportunity_a,
          co_window_corner_a, co_window_broadway_c, co_window_of_opportunity_b,
          co_window_of_opportunity_c, co_window_broadway_b,
          co_window_unsneaky_path_c, co_window_2corner, glass_columns_b,
          glass_columns_a
D:5:      layout_basic, elyvilon_altar_5, kennysheep_generic_room_14, uniq_ijyb
D:6:      hellmonk_crumbling_castle, layout_basic,
          mainiacjoe_overflow_large_starburst, uniq_pikel
D:7:      layout_rooms, temple_statues, hangedman_decor_clover_reticule,
          uniq_joseph

Skill      XL: |  1  2  3  4  5  6  7  8  9 |
---------------+----------------------------+-----
Axes           | 2 3 4 5 7 8 |  8.2
Armour         | 4 5 6 |  6.6
Fighting       | 4 5 6 |  6.0
Shields        | 4 5 |  5.3
Evocations     | 2 3 4 |  4.3
Dodging        | |  0.1

Action                   |  1- 3 |  4- 6 |  7- 9 || total
-------------------------+-------+-------+-------++-------
Melee: War axe           |    82 |   236 |   245 ||   563
  Use: Scroll            |     1 |    10 |     2 ||    13
Armor: Scale mail        |    47 |   107 |    19 ||   173
       Plate armour      |       |       |   116 ||   116
Dodge: Dodged            |    31 |   167 |   157 ||   355
Block: Buckler           |    21 |    55 |    87 ||   163

Table legend: (Time is in decaauts)
 A = Elapsed time spent in this place.
 B = Non-inter-level travel time spent in this place.
 C = Inter-level travel time spent in this place.
 D = Time resting spent in this place.
 E = Time spent auto-exploring this place.
 F = Levels seen in this place.
 G = Mean time per level.
                   A        B        C        D        E       F      G
               +--------+--------+--------+--------+--------+-----+--------+
         Total |   9887 |   9710 |    177 |   3386 |   4787 |   7 | 1412.4 |
       Dungeon |   9887 |   9710 |    177 |   3386 |   4787 |   7 | 1412.4 |
               +--------+--------+--------+--------+--------+-----+--------+

Top non-repeatable levels by time:
     D:1: 2276 daAuts
     D:6: 2166 daAuts
     D:3: 1394 daAuts
     D:5: 1368 daAuts
     D:4: 1335 daAuts
     D:2: 1150 daAuts
     D:7: 195 daAuts
